 Dungeon Crawl Stone Soup version 0.19-a0-1932-g59670f6 (webtiles) character file.

292 dobroeutro the Shooter (level 6, 0/40 HPs)
             Began as a Gargoyle Hunter on Oct 25, 2016.
             Killed by divine providence
             ... invoked by an orc priest
              (17 damage)
             ... on level 4 of the Dungeon.
             The game lasted 00:03:59 (2730 turns).

dobroeutro the Shooter (Gargoyle Hunter)            Turns: 2730, Time: 00:04:00

Health: 0/40       AC: 15    Str: 17    XL:     6   Next: 33%
Magic:  6/6        EV:  7    Int: 11    God:
Gold:   130        SH:  0    Dex: 11    Spells: 0 memorised, 5 levels left

rFire  . . .     SeeInvis .     b - +0 short sword
rCold  . . .     Gourm    .     y - +0 chain mail
rNeg   + . .     Faith    .     (no shield)
rPois  ∞         Spirit   .     i - +1 helmet
rElec  +         Reflect  .     p - +0 cloak
rCorr  .         Harm     .     (no gloves)
MR     .....                    (no boots)
Stlth  ..........               l - amulet of regeneration
                                (no ring)
                                u - ring of loudness (curse)

@: no status effects
A: negative energy resistance 1, electricity resistance, unbreathing,
petrification resistance, rot immunity, AC +4
a: no special abilities


You were on level 4 of the Dungeon.
You were near starving.

You visited 1 branch of the dungeon, and saw 4 of its levels.

You collected 130 gold pieces.

Inventory:

Hand Weapons
 a - a +1 shortbow
 b - a +0 short sword (weapon)
 m - a cursed -2 dagger
Missiles
 d - 56 arrows
Armour
 c - a +0 leather armour
 i - a +1 helmet (worn)
 p - a +0 cloak (worn)
 y - a +0 chain mail (worn)
Jewellery
 l - an amulet of regeneration (around neck)
 u - a cursed ring of loudness (left hand)
Wands
 x - a wand of iceblast (3/15)
Scrolls
 h - a scroll of identify {unknown}
 o - a scroll of blinking {unknown}
 t - a scroll of noise {unknown}
 v - a scroll of magic mapping {unknown}
 A - a scroll of remove curse {unknown}
Potions
 e - a potion of invisibility {unknown}
 g - 2 potions of berserk rage {unknown}
 k - a potion of mutation {unknown}
 n - a potion of ambrosia {unknown}
 q - a potion of curing {unknown}
 s - a potion of haste {unknown}
 w - a potion of lignification {unknown}
 z - a potion of might {unknown}
Books
 j - a book of Cantrips

   Spells                             Type                      Level
   a - Confusing Touch                Hexes                        1
   b - Animate Skeleton               Necromancy                   1
   c - Summon Small Mammal            Summoning                    1
   d - Apportation                    Translocation                1
Comestibles
 f - 3 bread rations


   Skills:
 + Level 5.2 Fighting
 + Level 6.0 Bows
 - Level 1.5 Dodging
 - Level 1.1 Stealth


You had 5 spell levels left.
You didn't know any spells.

Dungeon Overview and Level Annotations

Branches:
Dungeon (4/15)
 Temple: D:4-7

Altars:
Trog

Shops:
D:4 (


Innate Abilities, Weirdness & Mutations

You are resistant to torment.
Your stone body is resilient. (AC +4)
You are immune to poison.
You resist negative energy. (rN+)
You are resistant to electric shocks. (rElec)
You can survive without breathing.
You are immune to petrification.
You are immune to rotting.


Message History

The orc priest is heavily wounded.
The orc hits you but does no damage.
The orc priest hits you but does no damage.
You hit the orc priest.
The orc priest is severely wounded.
The orc hits you but does no damage.
The orc priest hits you but does no damage.
You barely miss the orc priest.
The orc priest is severely wounded.
The orc hits you but does no damage.
The orc priest hits you but does no damage. x2
You completely miss the orc priest.
The orc priest is severely wounded.
The orc hits you but does no damage. The orc priest hits you with a whip.
You hit the orc priest.
The orc priest is almost dead.
The orc barely misses you.
The orc priest calls down the wrath of Beogh upon you.
Beogh smites you!
You die...

...... #..# ..... ...
.... ..# ## ... ..##...
.. ....#.. # .#.......
..###.#).......
......)@o.........#### .
..#...).o............##.
#....>o#.........#...(..
#..##.# ....#......#....
.. #. ................ .
#. ..............## .
.............o.# #
............o..##
............o...


You could see an orc priest and 2 orcs.

Vanquished Creatures
  An ice beast (D:3)
  An orc wizard (D:3)
  7 adders
  An ooze (D:1)
  2 worms
  2 dart slugs (D:2)
  14 orcs
  5 bats
  5 giant cockroaches
  7 goblins
  8 hobgoblins
  4 jackals (D:3)
  5 kobolds
  4 quokkas
  A ball python (D:2)
  5 frilled lizards
  6 rats
78 creatures vanquished.

Notes
Turn   | Place    | Note
-------+----------+-------------------------------------------
     0 | D:1      | dobroeutro the Gargoyle Hunter began the quest for the Orb.
     0 | D:1      | Reached XP level 1. HP: 12/12 MP: 1/1
    99 | D:1      | Reached XP level 2. HP: 16/18 MP: 2/2
   700 | D:2      | Found a bloodstained altar of Trog.
   764 | D:2      | Reached XP level 3. HP: 23/23 MP: 3/3
  1205 | D:2      | Reached XP level 4. HP: 28/28 MP: 4/4
  1702 | D:2      | Reached skill level 5 in Bows
  1952 | D:3      | Noticed an ice beast
  2014 | D:3      | Reached XP level 5. HP: 33/33 MP: 5/5
  2429 | D:3      | Killed an ice beast
  2429 | D:3      | Reached skill level 5 in Fighting
  2429 | D:3      | Reached XP level 6. HP: 9/40 MP: 6/6
  2509 | D:4      | Found Voastou's Antique Weapon Shop.
  2698 | D:4      | Reached skill level 6 in Bows
  2730 | D:4      | Killed from afar by an orc priest

Vault maps used:
D:1:      shiori_shiawase
D:2:      wad_river_or_something, bloody_trog, grunt_ministairs_8
D:3:      first_bread
D:4:      serial_shops, shop

Skill      XL: |  1  2  3  4  5  6 |
---------------+-------------------+-----
Fighting       | 3 4 5 |  5.2
Bows           | 5 6 |  6.0
Dodging        | |  1.5
Stealth        | |  1.1

Action                   |  1- 3 |  4- 6 || total
-------------------------+-------+-------++-------
Melee: Short sword       |   171 |   303 ||   474
 Fire: Shortbow          |       |    17 ||    17
 Stab: Sleeping          |     1 |     1 ||     2
       Distracted        |       |     1 ||     1
  Eat: Chunk             |     1 |     4 ||     5
Armor: Leather armour    |    79 |   124 ||   203
       Chain mail        |       |    93 ||    93
Dodge: Dodged            |    88 |   196 ||   284
